 Dungeon Crawl Stone Soup version 0.29-a0-384-g6960b1960d (webtiles) character file.

Game seed: 5068362775376579045

4875 bande the Cleaver (level 10, -4/67 HPs)
             Began as a Gargoyle Fighter on May 8, 2022.
             Was an Elder of Okawaru.
             Slain by a spark wasp (shapeshifter) (17 damage)
             ... on level 8 of the Dungeon.
             The game lasted 00:18:41 (12273 turns).

bande the Cleaver (Gargoyle Fighter)               Turns: 12273, Time: 00:18:42

Health: -4/67      AC: 28    Str: 21    XL:     10   Next: 50%
Magic:  5/5        EV:  7    Int:  9    God:    Okawaru [****..]
Gold:   1085       SH:  7    Dex: 15    Spells: 9/9 levels left

rFire   . . .      SeeInvis .   q - +4 hand axe
rCold   . . .      Faith    .   c - +1 buckler
rNeg    + . .      Spirit   .   n - +7 chain mail "Hilest" {rElec rPois MP-9 Str+3 Dex+2}
rPois   ∞          Reflect  .   v - +0 helmet
rElec   +          Harm     .   (no cloak)
rCorr   .          Rampage  .   (no gloves)
Will    .....                   y - +0 pair of boots
Stlth   ..........              (no amulet)
HPRegen 0.21/turn               (no ring)
MPRegen 0.09/turn               (no ring)

@: no status effects
A: sickness immunity, AC +7, negative energy resistance 1, electricity
resistance, torment resistance 1, petrification resistance, robust 1, shaggy fur
1, weak 1
a: Renounce Religion, Heroism, Finesse


You were on level 8 of the Dungeon.
You worshipped Okawaru.
Okawaru was greatly pleased with you.
You visited 2 branches of the dungeon, and saw 10 of its levels.

You collected 1566 gold pieces.
You spent 481 gold pieces at shops.

Inventory:

Hand Weapons
 a - a +0 war axe
 g - a +0 war axe
 q - a +4 hand axe (weapon)
 t - a +0 flail of protection
Missiles
 b - 3 throwing nets (quivered)
Armour
 c - a +1 buckler (worn)
 n - the +7 chain mail "Hilest" (worn) {rElec rPois MP-9 Str+3 Dex+2}
   (You found it on level 4 of the Dungeon)

   Str:       It affects your strength (+3).
   Dex:       It affects your dexterity (+2).
   rElec:     It insulates you from electricity.
   rPois:     It protects you from poison.
   MP:        It affects your magic capacity (-9).
 v - a +0 helmet (worn)
 y - a +0 pair of boots (worn)
Jewellery
 e - an amulet of the acrobat
 i - an amulet of faith
 j - a ring of fire
 z - a ring of ice
Wands
 h - a wand of polymorph (18)
 r - a wand of acid (16)
Scrolls
 x - 2 scrolls of fog
Potions
 d - 2 potions of might
 f - a potion of resistance {unknown}
 k - a potion of brilliance
 l - 2 potions of mutation
 m - 3 potions of magic
 o - 3 potions of curing
 p - 2 potions of haste
 u - 4 potions of berserk rage
 w - a potion of ambrosia {unknown}


   Skills:
 + Level 6.5 Fighting
 + Level 8.6 Axes
 + Level 7.2 Armour
 - Level 0.2 Stealth
 + Level 6.5 Shields
 + Level 0.4 Unarmed Combat
 * Level 5.9 Invocations
 * Level 4.7 Evocations


You had 9 spell levels left.
You didn't know any spells.
Your spell library contained the following spells:

 Spells                   Type           Power      Damage    Failure   Level
 Foxfire                  Conj/Fire      0%         2x1d4     98%         1
 Shock                    Conj/Air       0%         1d3       98%         1
 Conjure Flame            Conj/Fire      0%         6-21      100%        3
 Gell's Gravitas          Tloc           0%         N/A       100%        3
 Inner Flame              Hex/Fire       0%         N/A       100%        3
 Lesser Beckoning         Tloc           0%         N/A       100%        3
 Swiftness                Air            0%         N/A       100%        3
 Teleport Other           Tloc           0%         N/A       100%        3
 Airstrike                Air            0%         N/A       100%        4
 Flame Wave               Conj/Fire      0%         2d4       100%        4
 Summon Small Mammal      Summ           Unusable   N/A       N/A         1
 Call Canine Familiar     Summ           Unusable   N/A       N/A         3
 Summon Guardian Golem    Hex/Summ       Unusable   N/A       N/A         3

Dungeon Overview and Level Annotations

Branches:
Dungeon (9/15)             Temple (1/1) D:4
   Lair: D:8-11         Orc: D:9-12

Altars:
Ashenzari
Cheibriados
Dithmenos
Elyvilon
Fedhas
Gozag
Hepliaklqana
Makhleb
Nemelex Xobeh
Okawaru
Qazlal
Trog
Vehumet
Wu Jian
Xom
Yredelemnul
Zin
The Shining One

Shops:
D:7 [*(

Annotations:
D:8 Joseph


Innate Abilities, Weirdness & Mutations

You are immune to sickness and miasma.
Your stone body is resilient. (AC +7)
You are immune to poison.
You resist negative energy. (rN+)
You are resistant to electric shocks. (rElec)
You are resistant to unholy torment.
You are immune to petrification.
You are robust. (+10% HP)
You are covered in fur. (AC +1)
You are weak. (Str -2)


Message History

Joseph shoots a sling bullet.
The sling bullet hits you!
A spark wasp comes into view.
Joseph unwields a +0 hunting sling.
Joseph wields a +0 quarterstaff.
Joseph hits you but does no damage.
The spark wasp moves out of view.
You hit Joseph.
Joseph is lightly wounded.
You hit Joseph.
Joseph is lightly wounded.
Joseph hits you with a +0 quarterstaff!
You barely miss Joseph.
Joseph is lightly wounded.
Joseph says, "It's nothing personal, but I have to kill you."
Joseph hits you with a +0 quarterstaff!
You slash Joseph!
Joseph is moderately wounded.
Joseph hits you with a +0 quarterstaff.
You barely miss Joseph.
Joseph is moderately wounded.
The spark wasp buzzes angrily.
You block Joseph's attack.
You slash Joseph!
Joseph is moderately wounded.
Joseph hits you with a +0 quarterstaff!
* * * LOW HITPOINT WARNING * * *
You hit Joseph.
Joseph is heavily wounded.
Joseph completely misses you.
You slash Joseph!
Joseph is heavily wounded.
Joseph hits you but does no damage.
You hit Joseph.
Joseph is heavily wounded.
You hit the spark wasp.
The spark wasp stings you but does no damage.
Joseph hits you with a +0 quarterstaff!
* * * LOW HITPOINT WARNING * * *
You hit Joseph.
Joseph is severely wounded.
You barely miss the spark wasp. The spark wasp stings you!
You die...

........##.#....###.##..#####.##.
........##.#....#................
........##......##.......#.......
......................#......#...
........###..###....#.(...#.....#
...............#...#....#....#...
))).....####...#.#...#...#...#...
).).....# ##..#@y..#..#..#..#..#
####.#'## #..#@#.#.#.#.#.#.#.#. #
#.#.# ##...#.##.##.##.###.# #
#.#.#######(#.##.###.###.# #(# #
#.#.......[...##.####.#### ### #
#.#..#######.####.# ### #
#.#..#........#.##############
#.#..#...........#............
####.#..#<...[......#............
.....#..#...........#............


You could see Joseph and a spark wasp.

Vanquished Creatures
  Pikel (D:8)
  Sigmund (D:3)
  2 wyverns
  A steam dragon (D:8)
  2 vampire mosquitoes (D:6)
  3 water moccasins
  Duvessa (D:6)
  2 orc warriors
  A sky beast (D:7)
  3 ice beasts
  An ogre (D:6)
  A centaur (D:5)
  2 lemures (D:8)
  A phantom (D:6)
  2 kobold brigands
  A gnoll sergeant (D:8)
  A scorpion (D:4)
  2 necrophages
  Dowan (D:6)
  9 wights
  5 killer bees (D:8)
  3 howler monkeys
  4 jellies
  3 orc priests
  3 gnoll shamans
  6 iguanas
  11 orc wizards
  7 adders
  27 gnolls
  A white imp (D:6)
  An ufetubus (D:5)
  A worm (D:2)
  A dart slug (D:2)
  25 orcs
  4 bats
  5 endoplasms
  2 giant cockroaches
  11 goblins
  10 hobgoblins
  4 jackals (D:1)
  2 quokkas
  12 ball pythons
  3 frilled lizards
  15 kobolds
  7 rats
211 creatures vanquished.

Vanquished Creatures (others)
  An orc (D:9)
1 creature vanquished.

Grand Total: 212 creatures vanquished

Notes
Turn   | Place    | Note
-------+----------+-------------------------------------------
     0 | D:1      | bande the Gargoyle Fighter began the quest for the Orb.
     0 | D:1      | Reached XP level 1. HP: 14/14 MP: 1/1
   113 | D:1      | Found a faded altar of an unknown god.
   125 | D:1      | Reached XP level 2. HP: 17/19 MP: 2/2
   270 | D:1      | Reached skill level 2 in Axes
   485 | D:1      | Reached XP level 3. HP: 23/23 MP: 3/3
  1486 | D:2      | Reached XP level 4. HP: 28/28 MP: 4/4
  1628 | D:2      | You fall into a shaft and drop 1 floor!
  1634 | D:3      | Reached skill level 3 in Axes
  1649 | D:3      | Noticed Sigmund
  1665 | D:3      | Killed Sigmund
  1666 | D:3      | Reached skill level 4 in Axes
  1666 | D:3      | Reached XP level 5. HP: 6/33 MP: 5/5
  1666 | D:3      | Reached XP level 6. HP: 7/38 MP: 6/6
  2542 | D:3      | Found a blossoming altar of Fedhas.
  2956 | D:3      | Gained mutation: You are robust. (+10% HP) [potion of
                  | mutation]
  2956 | D:3      | Gained mutation: You are weak. (Str -2) [potion of
                  | mutation]
  2956 | D:3      | Gained mutation: You are covered in fur. (AC +1) [potion of
                  | mutation]
  3438 | D:4      | Found a staircase to the Ecumenical Temple.
  3460 | D:4      | Identified the +7 chain mail "Hilest" {rElec rPois MP-9
                  | Str+3 Dex+2}
  3467 | Temple   | Entered the Ecumenical Temple
  3587 | Temple   | Became a worshipper of Warmaster Okawaru
  3964 | D:5      | Entered Level 5 of the Dungeon
  3970 | D:5      | Reached XP level 7. HP: 37/48 MP: 0/7
  4243 | D:5      | Reached skill level 1 in Invocations
  4245 | D:5      | Reached skill level 5 in Axes
  4524 | D:5      | Reached skill level 1 in Evocations
  4621 | D:5      | Reached * piety under Okawaru
  4863 | D:5      | Reached XP level 8. HP: 52/52 MP: 0/9
  5000 | D:5      | Reached skill level 5 in Armour
  5535 | D:6      | Identified a scroll of acquirement
  5535 | D:6      | Acquired 1062 gold pieces
  5595 | D:6      | Found an opulent altar of Gozag.
  5615 | D:6      | Reached skill level 6 in Axes
  5630 | D:6      | Found a shimmering altar of Xom.
  5680 | D:6      | Reached skill level 5 in Fighting
  5680 | D:6      | Reached skill level 5 in Shields
  5885 | D:6      | Reached ** piety under Okawaru
  6059 | D:6      | Reached XP level 9. HP: 36/59 MP: 2/11
  6430 | D:7      | Reached skill level 7 in Axes
  6517 | D:7      | Noticed Duvessa
  6518 | D:7      | Noticed Dowan
  7419 | D:6      | Killed Dowan
  7436 | D:6      | Killed Duvessa
  8465 | D:7      | Found Zayreopn's Antique Armour Shoppe.
  8481 | D:7      | Bought a crude helmet for 256 gold pieces
  8481 | D:7      | Identified the -3 helmet "Teafek" {Int+3} (You bought it in
                  | a shop on level 7 of the Dungeon)
  8768 | D:7      | Found Jorchu's Weapon Emporium.
  8777 | D:7      | Found an ornate altar of the Wu Jian Council.
  8786 | D:7      | Reached *** piety under Okawaru
  9042 | D:7      | Found Niasie's General Store.
  9064 | D:7      | Bought 3 potions of berserk rage for 225 gold pieces
  9288 | D:7      | Reached skill level 5 in Invocations
  9691 | D:8      | Reached XP level 10. HP: 66/66 MP: 4/13
  9701 | D:8      | Reached skill level 8 in Axes
  9906 | D:8      | HP: 1/66 [wight/+4 scimitar (7)]
 10867 | D:8      | Reached **** piety under Okawaru
 11068 | D:8      | Noticed Pikel
 11090 | D:8      | Killed Pikel
 11443 | D:9      | Noticed Joseph
 12263 | D:8      | Noticed a spark wasp
 12273 | D:8      | Slain by a spark wasp (shapeshifter)

Illustrated notes

Levels and vault maps discovered:
D:1:      evilmike_arrival_fibonacci_small, layout_basic, serial_curves,
          eino_curves_02, eino_curves_01, dreamdust_ecumenical_altar_grove,
          minmay_tall_x
D:2:      layout_basic, minmay_cupped
D:3:      layout_loops_cross, lemuel_crystal_altar, serial_glass,
          glass_columns_b, glass_columns_b, glass_columns_c, glass_columns_a,
          uniq_sigmund
D:4:      layout_rooms, minmay_temple_entry_purple_smoke,
          hangedman_abyss_or_decor_stabs, corexii_checkpoint_a,
          ebering_dispersal_statue_hall
D:5:      layout_basic
D:6:      layout_rooms, minitemple
D:7:      corexii_shack_village, layout_basic, nzn_wu_jian_contemplation,
          serial_shops, shop, nicolae_shop_waterfront, nicolae_shop_stone,
          hex_large, hangedman_decor_opposing, uniq_duvessa
D:8:      layout_basic, minmay_increasing_density, uniq_pikel
D:9:      layout_layer_cave, nicolae_barding_shop, uniq_joseph
Temple:   dpeg_five_rooms_temple

Skill      XL: |  1  2  3  4  5  6  7  8  9 10 |
---------------+-------------------------------+-----
Axes           | 2 4 5 6 7 8 |  8.6
Shields        | 4 5 6 |  6.5
Fighting       | 4 5 6 |  6.5
Armour         | 4 5 6 7 |  7.2
Invocations    | 2 3 5 |  5.9
Evocations     | 1 2 4 |  4.7
Stealth        | |  0.2
Unarmed Combat | |  0.4

Action                   |  1- 3 |  4- 6 |  7- 9 | 10-12 || total
-------------------------+-------+-------+-------+-------++-------
Melee: War axe           |    96 |   132 |       |       ||   228
       Unarmed           |       |     8 |       |       ||     8
       Hand axe          |       |     8 |   420 |   200 ||   628
  Use: Scroll            |       |    12 |     7 |     3 ||    22
       Potion            |       |     2 |     1 |     2 ||     5
Armor: Scale mail        |    61 |    35 |       |       ||    96
       Skin              |       |     6 |       |       ||     6
       Chain mail        |       |    61 |   313 |   169 ||   543
Dodge: Dodged            |    56 |    83 |   167 |    64 ||   370
Block: Buckler           |    20 |    35 |   148 |    59 ||   262

Table legend: (Time is in decaauts)
 A = Elapsed time spent in this place.
 B = Non-inter-level travel time spent in this place.
 C = Inter-level travel time spent in this place.
 D = Time resting spent in this place.
 E = Time spent auto-exploring this place.
 F = Levels seen in this place.
 G = Mean time per level.
                   A        B        C        D        E       F      G
               +--------+--------+--------+--------+--------+-----+--------+
         Total |  12364 |  12114 |    250 |   4347 |   5532 |  10 | 1236.4 |
       Dungeon |  12160 |  11988 |    172 |   4347 |   5430 |   9 | 1351.1 |
        Temple |    204 |    126 |     78 |      0 |    102 |   1 |  204.0 |
               +--------+--------+--------+--------+--------+-----+--------+

Top non-repeatable levels by time:
     D:8: 2594 daAuts
     D:7: 2208 daAuts
     D:6: 1922 daAuts
     D:2: 1550 daAuts
     D:5: 1151 daAuts
     D:4: 1044 daAuts
     D:1: 901 daAuts
     D:3: 766 daAuts
  Temple: 204 daAuts
     D:9: 22 daAuts
